 Dungeon Crawl Stone Soup version 0.29.1-14-g9c671dbff4 (webtiles) character file.

Game seed: 5921797211752894829

98 leafyfresh the Changer (level 4, 0/28 HPs)
             Began as an Octopode Transmuter on Feb 14, 2023.
             Slain by Ijyb
             ... wielding a +0 dagger
              (4 damage)
             ... on level 3 of the Dungeon.
             The game lasted 00:04:23 (3157 turns).

leafyfresh the Changer (Octopode Transmuter)        Turns: 3157, Time: 00:04:23

Health: 0/28       AC:  1    Str:  9    XL:     4   Next: 69%
Magic:  7/7        EV: 13    Int: 15    God:
Gold:   122        SH:  0    Dex: 14    Spells: 1/7 levels left

rFire   . . .      SeeInvis .   k - +3 dagger (freeze)
rCold   . . .      Faith    .   (no shield)
rNeg    . . .      Spirit   .   (helmet restricted)
rPois   .          Reflect  .   (no amulet)
rElec   .          Harm     .   g - ring of willpower
rCorr   .          Rampage  .   (no ring)
Will    +....                   (no ring)
Stlth   ++........              (no ring)
HPRegen 0.09/turn               (no ring)
MPRegen 0.10/turn               (no ring)
                                (no ring)
                                (no ring)

@: about to teleport
A: almost no armour, amphibious, 8 rings, camouflage 1, gelatinous body 1,
(nimble swimmer 1), tentacles
a: no special abilities


You were on level 3 of the Dungeon.
You visited 1 branch of the dungeon, and saw 3 of its levels.

You collected 122 gold pieces.

Inventory:

Hand Weapons
 b - a +0 dagger
 k - a +3 dagger of freezing (weapon)
Jewellery
 g - a ring of willpower (left tentacle)
Scrolls
 c - a scroll of enchant weapon
 f - a scroll of identify
 l - a scroll of immolation {unknown}
 n - a scroll of amnesia {unknown}
 p - a scroll of fog {unknown}
Potions
 a - 2 potions of lignification
 d - a potion of heal wounds {unknown}
 e - a potion of magic {unknown}
 h - a potion of brilliance {unknown}
 i - 2 potions of flight {unknown}
 m - a potion of cancellation {unknown}
 o - a potion of attraction {unknown}


   Skills:
 - Level 1.0 Fighting
 - Level 2.0 Dodging
 - Level 3.0 Unarmed Combat
 - Level 2.0 Spellcasting
 + Level 4.7 Transmutations


You had one spell level left.
You knew the following spells:

 Your Spells              Type           Power      Damage    Failure   Level
a - Beastly Appendage     Tmut           30%        N/A       3%          1
b - Spider Form           Tmut/Pois      8%         N/A       26%         3
c - Wereblood             Tmut           15%        N/A       4%          2

Your spell library contained the following spells:

 Spells                   Type           Power      Damage    Failure   Level
 Ignite Poison            Fire/Tmut/Pois 6%         N/A       34%         3
 Conjure Flame            Conj/Fire      1%         6-21      54%         3
 Dazzling Flash           Conj/Hex       2%         N/A       54%         3
 Ice Form                 Ice/Tmut       8%         N/A       63%         4
 Sticky Flame             Conj/Fire      1%         2d3       91%         4
 Agony                    Necr           1%         N/A       99%         5
 Silence                  Hex/Air        0%         N/A       99%         5


Dungeon Overview and Level Annotations

Branches:
Dungeon (3/15)

Altars:

Shops:
D:1 [

Annotations:
D:3 Ijyb


Innate Abilities, Weirdness & Mutations

You cannot wear most types of armour.
You are amphibious.
You can wear up to eight rings at the same time.
Your skin changes colour to match your surroundings (Stealth+).
Your rubbery body absorbs attacks. (AC +1, EV +1)
((You are camouflaged when in or above water. (Stealth+)))
You have tentacles for arms and can constrict up to eight enemies at once.


Message History

There is an open door here.
There is an open door here.
An orc is nearby!
An orc is nearby!
The orc shouts!
You hit the orc. You freeze the orc.
You kill the orc!
No target in view!
No target in view!
No target in view!
Ijyb the Twisted Goblin comes into view.
She is wielding a +0 dagger and carrying a wand of iceblast (12).
Found a scroll labelled QIAGUGOQYP.
Ijyb is nearby!
A worm comes into view.
There are monsters nearby!
Ijyb shouts!
A worm is nearby!
You barely miss the worm. You grab the worm.
You constrict the worm, but do no damage.
The worm bites you.
You hit the worm. You freeze the worm.
The worm is moderately wounded.
You constrict the worm.
Ijyb zaps a wand.
The mass of ice explodes!
The iceblast engulfs you!!
Ouch! That really hurt!
* * * LOW HITPOINT WARNING * * *
The iceblast engulfs the worm!
The worm dies!
As you read the scroll labelled GUIXTEF EMAYGG, it crumbles to dust.
It is a scroll of enchant weapon.
Your +2 dagger of freezing glows red for a moment.
As you read the scroll labelled FOSHYE TYEG, it crumbles to dust.
It is a scroll of identify.
j - a scroll of teleportation
As you read the scroll of teleportation, it crumbles to dust.
You feel strangely unstable. Ijyb hits you with a +0 dagger.
* * * LOW HITPOINT WARNING * * *
Unknown command.
Ijyb attacks as you move away! Ijyb hits you with a +0 dagger.
You die...

#.........#####.
########### #. #.
#. ########## #.
#........# #####.
#.######.# #.....
#.######.####.#...
#@##..........##..
#g##.###.########.
#.##.###.# #.
#........# #.
####g##### ##'
#.......# ##..
#†#.g...# ##...
#.#.....# ##....
#.#.♣♣..####.....


You could see Ijyb.

Vanquished Creatures
  Terence (D:3)
  2 adders
  A shadow imp (D:3)
  5 orcs (D:3)
  5 ball pythons
  3 endoplasms
  2 hobgoblins (D:3)
  2 quokkas (D:1)
  4 bats
  3 frilled lizards
  7 goblins
  2 kobolds
  3 rats
40 creatures vanquished.

Vanquished Creatures (others)
  A worm (D:3)
  A plant (D:3)
2 creatures vanquished.

Grand Total: 42 creatures vanquished

Notes
Turn   | Place    | Note
-------+----------+-------------------------------------------
     0 | D:1      | leafyfresh the Octopode Transmuter began the quest for the
                  | Orb.
     0 | D:1      | Reached XP level 1. HP: 13/13 MP: 3/3
   142 | D:1      | Reached XP level 2. HP: 5/18 MP: 5/5
   711 | D:1      | Found Oguruklu's Antique Armour Shop.
   771 | D:1      | Reached skill level 3 in Transmutations
  1664 | D:2      | Reached XP level 3. HP: 20/23 MP: 4/6
  1721 | D:2      | Learned a level 3 spell: Spider Form
  1724 | D:2      | Learned a level 2 spell: Wereblood
  2128 | D:3      | Found a faded altar of an unknown god.
  2290 | D:3      | Noticed Terence
  2302 | D:3      | Killed Terence
  2303 | D:3      | Reached skill level 4 in Transmutations
  2303 | D:3      | Reached XP level 4. HP: 6/27 MP: 2/7
  3143 | D:3      | Noticed Ijyb
  3157 | D:3      | Slain by Ijyb

Illustrated notes

Levels and vault maps discovered:
D:1:      minmay_arrival_diagonal_passages, layout_loops_ring, serial_shops,
          nicolae_shop_hallway_stairs, chequers_big_river,
          chequers_serial_rivers_marsh
D:2:      layout_rooms, dk_vineyard_2, minmay_cut_off, uniq_natasha
D:3:      layout_loops_corners, ebering_ecumenical_altar_mist,
          portal_sewer_entry_e, corexii_shack, chequers_mini_garden,
          uniq_terence, uniq_ijyb

Skill      XL: |  1  2  3 |
---------------+----------+-----
Transmutations | 3 4 |  4.7
Fighting       | |  1.0
Dodging        | |  2.0
Unarmed Combat | |  3.0
Spellcasting   | |  2.0

Action                   |  1- 3 |  4- 6 || total
-------------------------+-------+-------++-------
Melee: Dagger            |    61 |    15 ||    76
       Unarmed           |    10 |     8 ||    18
       Tentacles         |    12 |     1 ||    13
       Constrict         |    14 |     2 ||    16
       Punch             |     1 |       ||     1
       Kick              |     5 |       ||     5
 Cast: Beastly Appendage |     5 |       ||     5
       Spider Form       |     1 |     1 ||     2
  Use: Scroll            |       |     3 ||     3
 Stab: Sleeping          |     8 |     2 ||    10
Armor: Skin              |     5 |       ||     5
Dodge: Dodged            |    47 |    19 ||    66
